 Dungeon Crawl Stone Soup version 0.22-a0-482-g76e0a5f (webtiles) character file.

107 KillYourself the Shield-Bearer (level 4, 0/35 HPs)
             Began as a Demonspawn Fighter on June 17, 2018.
             Succumbed to kobold's curare-tipped needle
             ... on level 3 of the Dungeon.
             The game lasted 00:05:42 (2066 turns).

KillYourself the Shield-Bearer (Demonspawn Fighter) Turns: 2066, Time: 00:05:43

Health: 0/35       AC:  8    Str: 17    XL:     4   Next: 57%
Magic:  4/4        EV:  7    Int:  9    God:
Gold:   130        SH:  9    Dex: 13    Spells: 3/3 levels left

rFire    . . .     SeeInvis .   a - +0 war axe
rCold    . . .     Gourm    .   c - +0 shield
rNeg     . . .     Faith    .   b - +0 scale mail
rPois    .         Spirit   .   (no helmet)
rElec    .         Reflect  .   (no cloak)
rCorr    .         Harm     .   (no gloves)
MR       .....                  (no boots)
Stlth    ..........             (no amulet)
HPRegen  0.11/turn              (no ring)
MPRegen  0.09/turn              (no ring)

@: lethally poisoned (0 -> -10), slowed, very slow
A: yellow scales 1, powered by death 1
a: no special abilities


You were on level 3 of the Dungeon.
You were not hungry.

You visited 1 branch of the dungeon, and saw 3 of its levels.

You collected 130 gold pieces.

Inventory:

Hand Weapons
 a - a +0 war axe (weapon)
Armour
 b - a +0 scale mail (worn)
 c - a +0 shield (worn)
Jewellery
 e - an uncursed ring of flight {unknown}
Scrolls
 g - 3 scrolls of identify {unknown}
 h - 2 scrolls of amnesia {unknown}
 i - 2 scrolls of blinking {unknown}
 j - 2 scrolls of teleportation {unknown}
 n - a scroll of fog {unknown}
 p - a scroll of remove curse {unknown}
 r - a scroll of immolation {unknown}
Potions
 d - a potion of might
 l - a potion of heal wounds {unknown}
 m - a potion of lignification {unknown}
 o - a potion of curing {unknown}
 q - a potion of ambrosia {unknown}
Comestibles
 f - 9 rations
 k - 7 chunks of flesh


   Skills:
 + Level 3.2 Fighting
 + Level 2.5 Axes
 + Level 3.3 Armour
 + Level 0.6 Dodging
 + Level 3.7 Shields


You had 3 spell levels left.
You didn't know any spells.
Your spell library was empty.

Dungeon Overview and Level Annotations

Branches:
Dungeon (3/15)

Altars:
Sif Muna


Innate Abilities, Weirdness & Mutations

You are partially covered in yellow scales. (AC +2)
You regenerate a little health from kills.


Message History

You see here a curare-tipped needle.
You feel very sick. You block the bat's attack.
You feel very sick. You block the bat's attack. The goblin barely misses you.
* * * LOW HITPOINT WARNING * * *
You feel sick. The bat hits you but does no damage. You block the bat's attack.
* * * LOW HITPOINT WARNING * * *
You feel very sick. The goblin barely misses you.
The bat hits you but does no damage.
* * * LOW HITPOINT WARNING * * *
You feel sick. The bat hits you but does no damage.
* * * LOW HITPOINT WARNING * * *
You feel sick. The bat barely misses you. You block the goblin's attack.
* * * LOW HITPOINT WARNING * * *
You feel sick.
* * * LOW HITPOINT WARNING * * *
You feel sick. You block the bat's attack.
There is a stone staircase leading down here.
You die...

#...# #...# #...## #### .##
#....###### #...## ...
......#..####.......
#.########.##................
(##..#....#..Sgg.................
....>.........b>@................
#...<.....#K##................
####.((.###..#...............
#........# ##.#..........#..##
#.........# #.#......†...#...#
............##.........(....#.#
.................<.......#.##.#
.........#######...........##.###
.........# #...........##...#


You could see an adder, 2 goblins, a bat and a kobold.

Vanquished Creatures
  A gnoll (D:1)
  2 adders (D:2)
  An adder skeleton (D:2)
  5 worms
  2 leopard geckos (D:2)
  12 bats
  4 giant cockroaches
  2 goblins
  4 hobgoblins
  12 jackals
  A quokka (D:2)
  A ball python (D:2)
  5 frilled lizards
  4 kobolds
  4 rats
60 creatures vanquished.

Notes
Turn   | Place    | Note
-------+----------+-------------------------------------------
     0 | D:1      | KillYourself the Demonspawn Fighter began the quest for the Orb.
     0 | D:1      | Reached XP level 1. HP: 18/18 MP: 1/1
   230 | D:1      | Gained mutation: You regenerate a little health from kills. [demonic ancestry]
   230 | D:1      | Reached XP level 2. HP: 24/24 MP: 2/2
   930 | D:1      | Reached XP level 3. HP: 29/29 MP: 3/3
  1412 | D:2      | Gained mutation: You are partially covered in yellow scales. (AC +2) [demonic ancestry]
  1412 | D:2      | Reached XP level 4. HP: 34/35 MP: 4/4
  1980 | D:3      | Found a deep blue altar of Sif Muna.
  2065 | D:3      | HP: 1/35 [poisoned by kobold (curare-tipped needle)]
  2066 | D:3      | Succumbed to kobold's curare-tipped needle

Vault maps used:
D:1:      dpeg_arrival_ternary, minmay_tetromino_o2
D:3:      led_sif_book, minitemple

Skill      XL: |  1  2  3 |
---------------+----------+-----
Axes           | 2 |  2.5
Shields        | 3 |  3.7
Armour         | 3 |  3.3
Fighting       | |  3.2
Dodging        | |  0.6

Action                   |  1- 3 |  4- 6 || total
-------------------------+-------+-------++-------
Melee: War axe           |   153 |    82 ||   235
  Eat: Chunk             |     2 |     2 ||     4
Armor: Scale mail        |    81 |    47 ||   128
Dodge: Dodged            |    58 |    39 ||    97
Block: Shield            |    84 |    70 ||   154

Table legend:
 A = Spawn XP
 B = Non-spawn XP
 C = Spawn XP percentage of total XP
 D = Spawn monster count
 E = Non-spawn monster count
 F = Spawn count percentage of total count
 G = Total turns spent on level
                    A         B        C        D         E        F      G
               +---------+---------+-------+---------+---------+-------+---------
         Total |       0 |     154 |   0.0 |       0 |      60 |   0.0 |  2066
               +---------+---------+-------+---------+---------+-------+---------
           D:1 |       0 |      49 |   0.0 |       0 |      25 |   0.0 |  1157
           D:2 |       0 |      89 |   0.0 |       0 |      29 |   0.0 |   793
           D:3 |       0 |      16 |   0.0 |       0 |       6 |   0.0 |   116
               +---------+---------+-------+---------+---------+-------+---------
